 Dungeon Crawl Stone Soup version 0.17-a0-622-g12d63cc (webtiles) character file.

29787 Ngotmuk the Corrupter of Planes (level 13, -1/103 HPs)
             Began as a Demonspawn Abyssal Knight on Apr 13, 2015.
             Was the Champion of Lugonu.
             Slain by a white ugly thing (6 damage)
             ... on level 14 of the Dungeon on Apr 16, 2015.
             The game lasted 00:57:49 (15019 turns).

Ngotmuk the Corrupter of Planes (DsAK)             Turns: 15019, Time: 00:57:49

Health: -1/103     AC: 13    Str: 18    XL:     13   Next: 17%
Magic:  0/21       EV: 13    Int: 19    God:    Lugonu [******]
Gold:   1071       SH: 11    Dex: 16    Spells: 0 memorised, 12 levels left

rFire  + + .     SeeInvis +     O - +5 scimitar (flame)
rCold  + . .     Clarity  +     o - +2 scale mail of Pathos {-Cast Contam rPois Int+5}
rNeg   . . .     SustAb   +     I - +0 shield
rPois  +         Gourm    .     (helmet restricted)
rElec  .         Spirit   +     (no cloak)
rCorr  .         Warding  .     r - +1 pair of gloves
rMut   .         Stasis   .     (boots unavailable)
MR     +....     NoCast   +     e - amulet of regeneration
Stlth  ..........               F - ring of sustain abilities
                                y - ring of protection from cold

@: somewhat resistant to hostile enchantments, extremely unstealthy
A: antennae 2, talons 3, icy blue scales 2, see invisible, agile 1, clarity,
deformed body, demonic guardian 1, fire resistance 2, magic resistance 1, sense
surroundings 1, strong 1, evolution 1, magic shield, magic regeneration, magic
link
a: Depart the Abyss, Bend Space, Banish, Corrupt, Enter the Abyss, Renounce
Religion


You were on level 14 of the Dungeon.
You worshipped Lugonu.
Lugonu was exalted by your worship.
You were not hungry.

You visited 1 branch of the dungeon, and saw 15 of its levels.
You visited the Abyss 1 time.
You also visited: Ossuary.

You collected 1071 gold pieces.

Inventory:

Hand weapons
 O - a +5 scimitar of flaming (weapon)
Armour
 o - the +2 scale mail of Pathos (worn) {-Cast Contam rPois Int+5}
   (You found it on level 10 of the Dungeon)

   It affects your intelligence (+5).
   It protects you from poison.
   It prevents spellcasting.
   It causes magical contamination when unequipped.
 r - a +1 pair of gloves (worn)
 I - a +0 shield (worn)
Jewellery
 e - an amulet of regeneration (around neck)
 j - an uncursed amulet of resist corrosion
 y - a ring of protection from cold (left hand)
 F - a ring of sustain abilities (right hand)
Magical devices
 w - a wand of teleportation (2)
 P - a wand of digging (0)
Scrolls
 f - 4 scrolls of teleportation
 g - 12 scrolls of remove curse
 l - 2 scrolls of enchant armour
 m - 3 scrolls of amnesia
 n - 2 scrolls of fear
 p - a scroll of holy word {unknown}
 s - 3 scrolls of magic mapping
 A - 2 scrolls of recharging
 G - 3 scrolls of blinking
Potions
 a - a potion of brilliance {unknown}
 b - a potion of might
 d - a potion of ambrosia
 h - 8 potions of curing
 i - 3 potions of agility
 k - 3 potions of resistance
 t - 2 potions of berserk rage {unknown}
 u - 3 potions of heal wounds
 v - a potion of restore abilities
 x - a potion of lignification
 z - a potion of haste
 B - 2 potions of cure mutation
 C - 6 potions of magic
 J - 2 potions of cancellation
 L - 2 potions of invisibility
Books
 q - a book of Changes

   Spells                             Type                      Level
   a - Beastly Appendage              Transmutation                1
   b - Sticks to Snakes               Transmutation                2
   c - Spider Form                    Transmutation/Poison         3
   d - Ice Form                       Ice/Transmutation            4
   e - Blade Hands                    Transmutation                5
Comestibles
 c - 8 bread rations


   Skills:
 + Level 10.2 Fighting
 + Level 8.7 Long Blades
 + Level 9.6 Armour
 + Level 9.2 Dodging
 + Level 7.8 Shields
 - Level 10.7 Invocations


You had 12 spell levels left.
You didn't know any spells.

Dungeon Overview and Level Annotations

Branches:
Dungeon (15/15)            Temple (0/1) D:4            Lair (0/8) D:10
    Orc (0/4) D:11         Vaults (0/5) D:13         Depths (0/5) D:15

Altars:
Ashenzari
Cheibriados
Dithmenos
Fedhas
Gozag
Kikubaaqudgha
Makhleb
Ru
Sif Muna
Xom
Zin
The Shining One

Shops:
D:6 ?   D:8 [   D:9 :   D:10 [

Portals:
Trove: D:10 (give 2 scrolls of acquirement)

Annotations:
D:7 corrupted
D:13 1 runed door


Innate Abilities, Weirdness & Mutations

You have claws for feet.
You are mostly covered in icy blue scales (AC +3, EV -1).
A weak demonic guardian rushes to your aid.
When hurt, damage is shared between your health and your magic reserves.
You regenerate magic rapidly.
When low on magic, you restore magic in place of health.
You have a pair of antennae on your head.
You have supernaturally acute eyesight.
You are agile. (Dex +2)
You possess an exceptional clarity of mind.
Armour fits poorly on your strangely shaped body.
Your flesh is very heat resistant.
You are resistant to hostile enchantments.
You passively map a small area around you.
Your muscles are strong. (Str +2)
You evolve.


Message History

There is a stone staircase leading down here.
You slash the white ugly thing! You burn the white ugly thing.
The white ugly thing is moderately wounded.
The white ugly thing bites you.
* * * LOW HITPOINT WARNING * * *
The white ugly thing freezes you! You resist.
* * * LOW HITPOINT WARNING * * *
You slice the white ugly thing!! You burn the white ugly thing!
The white ugly thing is severely wounded.
The white ugly thing bites you.
* * * LOW HITPOINT WARNING * * *
The white ugly thing freezes you! You resist.
* * * LOW HITPOINT WARNING * * *
You hit the white ugly thing. You burn the white ugly thing.
You claw the white ugly thing, but do no damage.
The white ugly thing is severely wounded.
The white ugly thing bites you.
* * * LOW HITPOINT WARNING * * *
The white ugly thing freezes you! You resist.
You die...

########........##
.......#........#
.......#........#
.......#........#
.......#........#
.......#........########
.......#...............#
########..........######
................@.#
...............u..##
...................#
###########........#
#......<.# #........#
####.......##
#..........#
#..#####...#


You could see a white ugly thing.

Vanquished Creatures
  Josephine (D:11)
  Erolcha (D:10)
  A centaur warrior (D:13)
  A hill giant (D:10)
  An unseen horror (D:12)
  2 manticores
  4 cyclopes
  A wizard (D:13)
  6 ugly things
  4 slime creatures
  2 centaur zombies
  Joseph (D:7)
  A gargoyle (D:14)
  6 trolls
  A wolf spider simulacrum (D:14)
  2 two-headed ogres (D:13)
  15 yaks
  A deep elf mage (D:15)
  A spriggan (D:7)
  2 steam dragons
  A wyvern (D:12)
  A shadow (D:15)
  7 wraiths
  Grum (D:10)
  2 wolves (D:10)
  2 hippogriffs
  7 orc warriors
  4 sky beasts
  3 ice beasts
  9 centaurs
  A necrophage (D:11)
  An eye of draining (D:10)
  A phantom (D:13)
  6 ogres
  2 crocodiles
  Blork the orc (D:5)
  4 big kobolds
  A brain worm (D:14)
  A gnoll sergeant (D:8)
  8 giant frogs
  A wyvern zombie (D:6)
  4 water moccasin zombies (Ossuary)
  A wyvern skeleton (D:13)
  14 killer bees
  7 scorpions
  A water moccasin skeleton (D:6)
  2 electric eels (D:6)
  13 wights
  4 crimson imps
  A goliath beetle (D:7)
  5 jellies
  8 hounds
  12 orc wizards
  9 orc priests
  Ijyb (D:3)
  A giant frog skeleton (D:13)
  7 centaur skeletons
  Terence (D:3)
  An iguana (D:10)
  7 worker ants
  3 big kobold zombies (Ossuary)
  2 mummies (Ossuary)
  Robin (D:3)
  6 adders
  A hound skeleton (D:10)
  7 gnolls
  5 shadow imps
  2 worms (D:3)
  4 adder skeletons
  7 adder zombies (Ossuary)
  9 giant geckos
  2 oozes
  41 orcs
  5 ball pythons
  15 bats
  2 bat skeletons
  6 giant cockroaches
  15 goblins
  18 hobgoblins
  2 quokkas
  A giant gecko skeleton (D:8)
  7 giant newts
  3 gnoll zombies (Ossuary)
  5 hobgoblin zombies (Ossuary)
  12 jackals
  54 kobolds
  4 kobold zombies (Ossuary)
  8 orc zombies (Ossuary)
  2 quokka zombies (D:5)
  13 rats
  11 ballistomycetes
490 creatures vanquished.

Vanquished Creatures (collateral kills)
  Harold (D:11)
  A hydra (D:12)
  Erica (D:8)
  2 hill giants
  A wizard (D:14)
  A gargoyle (D:11)
  A slime creature (D:12)
  A yak (D:11)
  A hippogriff (D:10)
  A centaur (D:7)
  A black bear (D:6)
  A big kobold (D:6)
  A brain worm (D:11)
  A wight (D:6)
  4 killer bees (D:8)
  2 centaur skeletons
  A giant frog skeleton (D:11)
  An iguana (D:7)
  A killer bee zombie (D:6)
  4 orcs
  A hobgoblin (D:6)
  2 kobolds (D:6)
  A quokka (D:6)
32 creatures vanquished.

Vanquished Creatures (others)
  A spatial maelstrom (D:7)
  2 giant frogs (D:7)
  A big kobold (D:7)
  A scorpion (D:7)
  23 quasits
  15 crimson imps
  24 iron imps
  An orc wizard (D:7)
  17 white imps
  28 ufetubi
  3 orcs (D:11)
  4 kobolds (D:7)
  4 giant spores
  A rat (D:7)
  A ballistomycete (D:11)
126 creatures vanquished.

Grand Total: 648 creatures vanquished

Notes
Turn   | Place    | Note
--------------------------------------------------------------
     0 | Abyss:1  | Ngotmuk, the Demonspawn Abyssal Knight, began the quest for the Orb.
     0 | Abyss:1  | Reached XP level 1. HP: 18/18 MP: 2/2
    13 | D:1      | Escaped the Abyss
    21 | D:1      | Reached skill level 1 in Dodging
   107 | D:1      | Gained mutation: You have sharp toenails. [demonic ancestry]
   107 | D:1      | Reached XP level 2. HP: 20/24 MP: 3/3
   268 | D:1      | Acquired Lugonu's second power
   554 | D:1      | Found a glowing golden altar of the Shining One.
   947 | D:2      | Gained mutation: When hurt, damage is shared between your health and your magic reserves. [demonic ancestry]
   947 | D:2      | Reached XP level 3. HP: 29/29 MP: 5/5
   996 | D:2      | HP: 1/29 [poisoned by an adder]
  1126 | D:2      | Found a snail-covered altar of Cheibriados.
  1584 | D:3      | Acquired Lugonu's third power
  1614 | D:3      | Noticed Robin
  1623 | D:3      | Gained mutation: You are partially covered in icy blue scales (AC +1). [demonic ancestry]
  1623 | D:3      | Reached XP level 4. HP: 24/35 MP: 4/6
  1658 | D:3      | Killed Robin
  1785 | D:3      | Noticed Ijyb
  1785 | D:3      | Noticed Terence
  1803 | D:3      | Killed Terence
  1803 | D:3      | Reached skill level 4 in Invocations
  1803 | D:3      | Gained mutation: You regenerate magic rapidly. [demonic ancestry]
  1803 | D:3      | Reached XP level 5. HP: 38/41 MP: 5/8
  1850 | D:3      | Killed Ijyb
  2283 | D:4      | Acquired Lugonu's fourth power
  2337 | D:4      | Found a sand-covered staircase.
  2347 | Ossuary  | Entered an ossuary
  2402 | Ossuary  | Reached XP level 6. HP: 38/48 MP: 9/9
  2503 | Ossuary  | Reached skill level 5 in Invocations
  2648 | Ossuary  | Gained mutation: A weak demonic guardian rushes to your aid. [demonic ancestry]
  2648 | Ossuary  | Reached XP level 7. HP: 43/55 MP: 7/10
  2660 | Ossuary  | Acquired Lugonu's fifth power
  3079 | D:4      | Found a staircase to the Ecumenical Temple.
  3441 | D:4      | Found a deep blue altar of Sif Muna.
  3450 | D:4      | Found a sacrificial altar of Ru.
  3607 | D:5      | Entered Level 5 of the Dungeon
  3612 | D:5      | Noticed Blork the orc
  3623 | D:5      | Killed Blork the orc
  3623 | D:5      | Reached skill level 5 in Fighting
  3662 | D:5      | Found an ancient bone altar of Kikubaaqudgha.
  3889 | D:5      | Found a shimmering altar of Xom.
  3889 | D:5      | Found a shimmering altar of Xom.
  3893 | D:5      | Found a shimmering altar of Xom.
  3893 | D:5      | Found a shimmering altar of Xom.
  4350 | D:5      | Reached skill level 6 in Invocations
  4436 | D:5      | Found a burning altar of Makhleb.
  4537 | D:6      | Found Moimar's Magic Scroll Shoppe.
  4545 | D:6      | Gained mutation: You have razor-sharp toenails. [demonic ancestry]
  4545 | D:6      | Reached XP level 8. HP: 60/62 MP: 10/12
  4600 | D:6      | Reached skill level 1 in Shields
  5137 | D:6      | Reached skill level 5 in Armour
  5247 | D:6      | Reached skill level 7 in Invocations
  5378 | D:6      | Reached XP level 9. HP: 69/69 MP: 14/14
  5966 | D:7      | Corrupted D:7
  5966 | D:7      | Noticed an emperor scorpion zombie
  5966 | D:7      | Noticed a worldbinder
  5966 | D:7      | Noticed a thrashing horror
  5966 | D:7      | Noticed a bone dragon
  5966 | D:7      | Noticed a spatial maelstrom
  5966 | D:7      | Banished a spatial maelstrom
  5967 | D:7      | Noticed a large abomination
  5969 | D:7      | Noticed a quicksilver dragon skeleton
  5970 | D:7      | Noticed a smoke demon
  6141 | D:8      | Reached skill level 5 in Dodging
  6188 | D:8      | Found a blossoming altar of Fedhas.
  6242 | D:8      | Noticed Erica
  6256 | D:8      | Killed Erica
  6256 | D:8      | Reached skill level 5 in Long Blades
  6260 | D:8      | Reached skill level 8 in Invocations
  6510 | D:8      | Found a shadowy altar of Dithmenos.
  6518 | D:8      | Found Feavaak's Antique Armour Emporium.
  6677 | D:8      | Found an opulent altar of Gozag.
  6930 | D:7      | Found a shattered altar of Ashenzari.
  6947 | D:7      | Gained mutation: You are covered in fur (AC +1). [potion of mutation]
  6947 | D:7      | Gained mutation: You tend to lose your temper in combat. [potion of mutation]
  6990 | D:7      | Noticed Joseph
  7009 | D:7      | Killed Joseph
  7127 | D:7      | Noticed a centaur skeleton
  7146 | D:7      | Killed a centaur skeleton
  7146 | D:7      | Gained mutation: When low on magic, you restore magic in place of health. [demonic ancestry]
  7146 | D:7      | Reached XP level 10. HP: 61/77 MP: 14/16
  8067 | D:8      | HP: 5/118 [poisoned by a killer bee]
  8074 | D:8      | HP: 4/118 [hippogriff (2)]
  8080 | D:8      | HP: 3/79 [poisoned by a killer bee]
  8387 | D:9      | Noticed a purple ugly thing
  8429 | D:9      | Killed a purple ugly thing
  8429 | D:9      | Reached skill level 9 in Invocations
  8520 | D:9      | Upgraded the game from 0.17-a0-543-g13d7571 to 0.17-a0-622-g12d63cc
  8622 | D:9      | Found Jef Bik's Book Boutique.
  9519 | D:10     | Entered Level 10 of the Dungeon
  9598 | D:10     | Got an encrusted scale mail
  9609 | D:10     | Identified the +2 scale mail of Pathos {-Cast Contam rPois Int+5} (You found it on level 10 of the Dungeon)
  9646 | D:10     | Found a staircase to the Lair.
  9721 | D:10     | Noticed Grum
  9731 | D:10     | Killed Grum
  9763 | D:10     | Found Laepireiqo's Antique Armour Shoppe.
  9765 | D:10     | Noticed a hill giant
  9787 | D:10     | Killed a hill giant
  9787 | D:10     | Reached skill level 5 in Shields
 10077 | D:10     | Noticed Erolcha
 10087 | D:10     | Killed Erolcha
 10087 | D:10     | Reached XP level 11. HP: 60/86 MP: 15/18
 10282 | D:10     | Found a portal to a secret trove of treasure.
 10709 | D:10     | Reached skill level 10 in Invocations
 10727 | D:11     | Noticed Harold
 10742 | D:11     | Killed Harold
 10799 | D:11     | Noticed Josephine
 10828 | D:11     | Killed Josephine
 11463 | D:11     | Lost mutation: You tend to lose your temper in combat. [potion of cure mutation]
 11463 | D:11     | Lost mutation: You are covered in fur (AC +1). [potion of cure mutation]
 11464 | D:11     | Gained mutation: You possess an exceptional clarity of mind. [mutagenic meat]
 11465 | D:11     | Gained mutation: You are resistant to hostile enchantments. [mutagenic meat]
 11466 | D:11     | Gained mutation: Your flesh is heat resistant. [mutagenic meat]
 11467 | D:11     | Gained mutation: You passively map a small area around you. [mutagenic meat]
 11468 | D:11     | Gained mutation: You have supernaturally acute eyesight. [mutagenic meat]
 11563 | D:11     | Found a staircase to the Orcish Mines.
 11789 | D:12     | Noticed an unseen horror
 11800 | D:12     | Killed an unseen horror
 12004 | D:12     | Noticed a six-headed hydra
 12011 | D:12     | Killed a three-headed hydra
 12011 | D:12     | Gained mutation: You have claws for feet. [demonic ancestry]
 12011 | D:12     | Reached XP level 12. HP: 56/95 MP: 12/20
 12507 | D:13     | Found a runed door.
 12507 | D:13     | Noticed an angel
 12511 | D:13     | Found a glowing golden altar of the Shining One.
 12527 | D:13     | Noticed a centaur warrior
 12533 | D:13     | Killed a centaur warrior
 12821 | D:13     | Found a gate to the Vaults.
 12977 | D:13     | Gained mutation: You are mostly covered in icy blue scales (AC +3, EV -1). [mutagenic meat]
 12978 | D:13     | Gained mutation: Your muscles are strong. (Str +2) [mutagenic meat]
 12979 | D:13     | Gained mutation: You have a pair of small antennae on your head. [mutagenic meat]
 12980 | D:13     | Gained mutation: You evolve. [mutagenic meat]
 13566 | D:14     | Gained mutation: Armour fits poorly on your strangely shaped body. [mutagenic meat]
 13568 | D:14     | Lost mutation: You are resistant to hostile enchantments. [mutagenic meat]
 13570 | D:14     | Gained mutation: You have a pair of antennae on your head. [mutagenic meat]
 13571 | D:14     | Gained mutation: Your flesh is very heat resistant. [mutagenic meat]
 13781 | D:14     | Reached skill level 10 in Fighting
 14019 | D:15     | Entered Level 15 of the Dungeon
 14396 | D:14     | Reached XP level 13. HP: 73/103 MP: 18/21
 14405 | D:14     | Gained mutation: You are resistant to hostile enchantments. [mutagenic meat]
 14439 | D:14     | Gained mutation: You are agile. (Dex +2) [mutagenic meat]
 14672 | D:15     | Found a glowing silver altar of Zin.
 14673 | D:15     | Noticed an angel
 14858 | D:15     | Found a staircase to the Depths.
 14858 | D:15     | Noticed a dire elephant
 15019 | D:14     | HP: 5/103 [white ugly thing (1)]
 15019 | D:14     | Slain by a white ugly thing

Action                   |  1- 3 |  4- 6 |  7- 9 | 10-12 | 13-15 || total
-------------------------+-------+-------+-------+-------+-------++-------
Melee: Falchion          |   144 |   408 |   771 |   239 |       ||  1562
       Scimitar          |       |       |       |   782 |    76 ||   858
Invok: Bend Space        |       |       |     1 |     2 |       ||     3
       Corrupt           |       |       |     1 |       |       ||     1
  Use: Potion            |     1 |       |     1 |     2 |       ||     4
       Scroll            |       |       |    18 |     8 |     1 ||    27
 Stab: Distracted        |       |       |     7 |     4 |       ||    11
  Eat: Meat ration       |     1 |     1 |     1 |     3 |       ||     6
       Fruit             |       |     1 |     3 |     1 |       ||     5
       Bread ration      |       |       |     2 |     3 |       ||     5
       Royal jelly       |       |       |     1 |     1 |       ||     2
       Chunk             |       |       |       |    15 |     6 ||    21
       Beef jerky        |       |       |       |     6 |       ||     6
       Pizza             |       |       |       |     1 |       ||     1
